 Dungeon Crawl Stone Soup version 0.28.0 (webtiles) character file.

Game seed: 1520522366787810444

211 spaghetti the Sneak (level 5, 0/49 HPs)
             Began as a Deep Dwarf Delver on Feb 18, 2022.
             Was a Believer of Makhleb.
             Slain by a water moccasin (5 damage)
             ... on level 4 of the Dungeon.
             The game lasted 00:08:09 (4272 turns).

spaghetti the Sneak (Deep Dwarf Delver)             Turns: 4272, Time: 00:08:09

Health: 0/49       AC:  5    Str: 17    XL:     5   Next: 57%
Magic:  3/3        EV: 12    Int: 11    God:    Makhleb [**....]
Gold:   231        SH:  0    Dex: 14    Spells: 3/4 levels left

rFire   . . .      SeeInvis .   a - +1 hand axe
rCold   . . .      Faith    .   (no shield)
rNeg    . . .      Spirit   .   b - +0 leather armour
rPois   .          Reflect  .   (no helmet)
rElec   .          Harm     .   (no cloak)
rCorr   .          Rampage  .   h - +0 pair of gloves
Will    .....                   k - +0 pair of boots
Stlth   +++.......              (no amulet)
HPRegen 0.00/turn               (no ring)
MPRegen 0.08/turn               (no ring)

@: no status effects
A: damage resistance, heal wounds, sense surroundings 1, no regeneration
a: Heal Wounds, Renounce Religion, Minor Destruction


You were on level 4 of the Dungeon.
You worshipped Makhleb.
Makhleb was pleased with you.
You visited 2 branches of the dungeon, and saw 7 of its levels.

You collected 231 gold pieces.

Inventory:

Hand Weapons
 a - a +1 hand axe (weapon)
Missiles
 m - 4 javelins
 n - 2 throwing nets
Armour
 b - a +0 leather armour (worn)
 h - a +0 pair of gloves (worn)
 k - a +0 pair of boots (worn)
Wands
 g - a wand of digging (9)
Scrolls
 c - 2 scrolls of fog
 i - a scroll of magic mapping
 l - 2 scrolls of identify
 o - a scroll of holy word
Potions
 f - a potion of haste


   Skills:
 + Level 3.0 Fighting
 + Level 5.0 Axes
 + Level 2.4 Armour
 + Level 3.1 Dodging
 - Level 6.0 Stealth


You had 3 spell levels left.
You knew the following spells:

 Your Spells              Type           Power      Damage    Failure   Level
a - Sting                 Tmut/Pois      0%         1d3       38%         1

Your spell library contained the following spells:

 Spells                   Type           Power      Damage    Failure   Level
 Slow                     Hex            0%         N/A       38%         1
 Confusing Touch          Hex            0%         N/A       77%         3
 Vampiric Draining        Necr           0%         2d6       77%         3


Dungeon Overview and Level Annotations

Branches:
Dungeon (6/15)             Temple (1/1) D:5

Altars:
Ashenzari
Makhleb
Nemelex Xobeh
Qazlal
Ru
Trog
Uskayaw
Vehumet
The Shining One

Annotations:
D:2 1 runed translucent door, exclusion: door, Crazy Yiuf
D:4 exclusion: door
D:5 3 runed translucent doors, Kurot's ghost, novice FeVM; Sigmund


Innate Abilities, Weirdness & Mutations

You are resistant to damage.
You can heal yourself by infusing magical energy.
You passively map a small area around you.
You do not regenerate.


Message History

You are too injured to fight recklessly!
You are too injured to fight recklessly!
You are too injured to fight recklessly!
You are too injured to fight recklessly!
You are too injured to fight recklessly!
You are too injured to fight recklessly!
Okay, then.
Okay, then.
Okay, then.
You slash the water moccasin!
The water moccasin is heavily wounded.
The water moccasin barely misses you.
You closely miss the water moccasin.
The water moccasin is heavily wounded.
The water moccasin barely misses you. The water moccasin bites you.
You miss the water moccasin.
The water moccasin is heavily wounded.
The water moccasin barely misses you.
You closely miss the water moccasin.
The water moccasin is heavily wounded.
The water moccasin barely misses you.
You hit the water moccasin.
The water moccasin is heavily wounded.
The water moccasin barely misses you.
The water moccasin completely misses you.
You hit the water moccasin but do no damage.
The water moccasin is heavily wounded.
The water moccasin bites you.
You hit the water moccasin but do no damage.
The water moccasin is heavily wounded.
You are no longer poisoned.
The water moccasin barely misses you. The water moccasin bites you!
* * * LOW HITPOINT WARNING * * *
You slash the water moccasin!
The water moccasin is severely wounded.
The water moccasin bites you!
* * * LOW HITPOINT WARNING * * *
Okay, then.
You fail to use your ability.
The water moccasin bites you!
You die...

.# #............# #.#+##### .#
#............# #........ .#
#..).........# #........ .#
#............# #........ .#
#............# #........ .#
#............# #........
.####............# #........
....#............########........
....#####.....#S@................
....# #.....#..................
.§..# #.....#.................:
.§≈.# #.........)...###+#......
§§..# #.............# ,#......
§≈§.# #.............# .......
....# #.............# #......
(...# #.....#.......# *......
...## #######.......# ....


You could see a water moccasin.

Vanquished Creatures
  A hound (D:4)
  A hound skeleton (D:4)
  3 gnolls
  5 adders
  2 adder skeletons (D:4)
  3 worms (D:2)
  A dart slug (D:5)
  7 orcs
  12 ball pythons
  7 endoplasms
  3 giant cockroaches
  3 goblins
  2 hobgoblins (D:3)
  6 jackals
  3 quokkas
  4 bats
  4 frilled lizards
  9 kobolds
  A rat (D:1)
77 creatures vanquished.

Vanquished Creatures (collateral kills)
  A rat (D:1)
1 creature vanquished.

Vanquished Creatures (others)
  2 fungi (D:5)
  3 plants
5 creatures vanquished.

Grand Total: 83 creatures vanquished

Notes
Turn   | Place    | Note
-------+----------+-------------------------------------------
     0 | D:5      | spaghetti the Deep Dwarf Delver began the quest for the
                  | Orb.
     0 | D:5      | Reached XP level 1. HP: 20/20 MP: 1/1
    16 | D:5      | Noticed an ogre
    32 | D:6      | Noticed a howler monkey
    62 | D:5      | Noticed Sigmund
    95 | D:5      | Found a staircase to the Ecumenical Temple.
   101 | Temple   | Entered the Ecumenical Temple
   108 | Temple   | Reached XP level 2. HP: 21/27 MP: 2/2
   148 | Temple   | Became a worshipper of Makhleb the Destroyer
   364 | D:4      | Found a stormy altar of Qazlal.
   409 | D:4      | Reached XP level 3. HP: 12/33 MP: 2/2
   485 | D:3      | Found a faded altar of an unknown god.
   488 | D:3      | Found a broken altar of Ashenzari.
   599 | D:3      | Got Plato's Grimoire of Changing
   602 | D:3      | Learned a level 1 spell: Sting
  1073 | D:3      | Reached skill level 1 in Armour
  1676 | D:2      | Reached * piety under Makhleb
  1677 | D:2      | Reached XP level 4. HP: 30/40 MP: 3/3
  2552 | D:2      | Found a runed translucent door.
  2553 | D:2      | Noticed Crazy Yiuf
  3864 | D:4      | Reached XP level 5. HP: 36/48 MP: 4/4
  3898 | D:4      | Noticed a water moccasin
  3899 | D:4      | Reached ** piety under Makhleb
  3972 | D:5      | Found a runed translucent gate.
  3972 | D:5      | Found a runed translucent gate.
  3972 | D:5      | Found a runed translucent gate.
  3974 | D:5      | Noticed Kurot's ghost (novice FeVM)
  4011 | D:5      | Noticed an ogre
  4168 | D:4      | Reached skill level 5 in Axes
  4272 | D:4      | Slain by a water moccasin

Illustrated notes

Levels and vault maps discovered:
D:1:      ebering_hopf_link, layout_loops_ring, minmay_tromino_v2
D:2:      layout_loops_corners, serial_forest, infiniplex_forest_end_1,
          infiniplex_forest_clump_curved, infiniplex_forest_clump_medium,
          infiniplex_forest_clump_double, minmay_shallow_snake_nest,
          uniq_crazy_yiuf_cottage
D:3:      layout_basic, ashenzari_conservatory_becter,
          shapermc_ecumenical_altar_rom_forum
D:4:      layout_basic, nicolae_qazlal_scattered_showers,
          kennysheep_generic_room_14
D:5:      layout_loops_ring, minmay_temple_entry_hall,
          gammafunk_ghost_nasty_kobolds, uniq_sigmund
D:6:      layout_basic, minmay_misc_feat_doors, uniq_edmund
Temple:   mainiacjoe_temple_bowtie_tessellation

Skill      XL: |  1  2  3  4  5 |
---------------+----------------+-----
Axes           | 3 4 5 |  5.0
Armour         | 1 2 |  2.4
Fighting       | 3 |  3.0
Dodging        | 3 |  3.1
Stealth        | |  6.0

Action                   |  1- 3 |  4- 6 || total
-------------------------+-------+-------++-------
Melee: Hand axe          |    96 |   182 ||   278
       Punch             |       |     2 ||     2
 Cast: Sting             |     5 |     4 ||     9
 Abil: Heal Wounds       |     2 |     2 ||     4
  Use: Scroll            |     2 |     7 ||     9
       Potion            |     1 |     6 ||     7
 Stab: Sleeping          |     5 |    11 ||    16
Armor: Leather armour    |    20 |    34 ||    54
Dodge: Dodged            |    71 |   135 ||   206
